 Dungeon Sprint DCSS version 0.31-a0-981-geadf994542 (webtiles) character file.

Game seed: 1429789636065353691

110 rocky1 the Covered (level 4, -3/47 HPs)
             Began as a Minotaur Fighter on Nov 1, 2023.
             Slain by a human (5 damage)
             ... in the Dungeon (Sprint III: "The Ten Rune Challenge").
             The game lasted 00:01:10 (129 turns).

rocky1 the Covered (Minotaur Fighter)                Turns: 129, Time: 00:01:12

Health: -3/47      AC:  9    Str: 23    XL:     4   Next: 61%
Magic:  3/3        EV:  9    Int:  5    God:
Gold:   19         SH:  5    Dex:  9    Spells: 3/3 levels left

rFire   . . .        a - +0 trident
rCold   . . .        c - +0 buckler
rNeg    . . .        b - +0 scale mail
rPois   .            (helmet restricted)
rElec   .            k - +0 cloak
rCorr   .            (no gloves)
SInv    .            (no boots)
Will    .....        (no amulet) Stlth
                     (no ring)
HPRegen 0.27/turn    (no ring)
MPRegen 0.08/turn

%: no teleportation
@: on berserk cooldown, slowed, very slow
A: horns 2, retaliatory headbutt
a: no special abilities


You were in the Dungeon.
You visited 1 branch You collected 19 gold pieces.

Inventory:

Hand Weapons
 a - a +0 trident (weapon)
Armour
 b - a +0 scale mail (worn)
 c - a +0 buckler (worn)
 k - a +0 cloak (worn)
Wands
 m - a wand of polymorph (11)
Scrolls
 j - a scroll of blinking
 l - a scroll of poison {unknown}
 o - a scroll of immolation {unknown}
 p - a scroll of vulnerability {unknown}
 r - a scroll of torment {unknown}
 s - 2 scrolls of identify
Potions
 d - 2 potions of might
 e - a potion of curing
 f - a potion of heal wounds
 g - a potion of haste
 h - 2 potions of magic
 n - 5 potions of mutation
 q - a potion of enlightenment {unknown}


   Skills:
 + Level 7.0 Fighting
 + Level 4.9 Polearms
 + Level 7.0 Armour
 + Level 6.5 Shields


You had 3 spell levels left.
You didn't know any spells.
Your spell library was empty.

Dungeon Overview and Level Annotations

Branches:
Dungeon (1/1)

Altars:
Okawaru
Trog
Uskayaw
Wu Jian


Innate Abilities, Weirdness & Mutations

You have a pair of horns on your head.
You reflexively headbutt those who attack you in melee.


Message History

You feel yourself moving faster!
You feel mighty!
The door flies open with a bang!
You feel a strong urge to attack something.
A human comes into view.
The human shouts!
Found a leather armour.
Found five altars.
A human comes into view. It is wielding a +0 mace.
There is an open door here.
You miss the human. You block the human's attack.
You hit the human. Your headbutt misses the human.
The human is lightly wounded.
You puncture the human!
The human is moderately wounded.
You are no longer berserk.
You are exhausted.
You feel yourself slow down. You block the human's attack.
The human closely misses you. The human hits you with a +0 mace!
You puncture the human! Your headbutt misses the human.
The human is severely wounded.
The human hits you with a +0 mace. The human hits you.
The human hits you with a +0 mace. You block the human's attack.
You closely miss the human.
The human is severely wounded.
You block the human's attack. The human closely misses you.
The human barely misses you.
You puncture the human!
The human is almost dead.
The human hits you with a +0 mace! The human misses you.
You block the human's attack. The human hits you but does no damage.
You are too injured to fight recklessly!
You are too injured to fight recklessly!
You are too injured to fight recklessly!
You miss the human.
The human is almost dead.
The human hits you with a +0 mace.
* * * LOW HITPOINT WARNING * * *
The human hits you with a +0 mace!
* * * LOW HITPOINT WARNING * * *
The human hits you.
You die...

▓▓ ▓▓▓ .#### ##.# #####
....#####..# #___#
.....#..#..# #pp.#
##...#..#..###+#@###+##
###..##'#..#..........#
.##..###...'.⌠........#
##..####...#...######+#
##..###....#.⌠.#
#...##.....#...#
....#.)....#+###
..##.#.....#
..#####....#


You could see 2 humans.

Vanquished Creatures
  A water elemental (D)
  Crazy Yiuf (D)
  A human (D)
  An endoplasm (D)
  3 rats (D)
7 creatures vanquished.

Notes
Turn   | Place    | Note
-------+----------+-------------------------------------------
     0 | D        | rocky1 the Minotaur Fighter began the quest for the Orb.
     0 | D        | Reached XP level 1. HP: 19/19 MP: 0/0
    78 | D        | Reached skill level 5 in Fighting
    78 | D        | Reached skill level 5 in Armour
    78 | D        | Reached XP level 2. HP: 28/29 MP: 1/1
    82 | D        | Noticed Crazy Yiuf
    84 | D        | Killed Crazy Yiuf
    85 | D        | Reached skill level 5 in Shields
    85 | D        | Reached XP level 3. HP: 37/37 MP: 2/2
   107 | D        | Noticed a water elemental
   110 | D        | Killed a water elemental
   111 | D        | Reached XP level 4. HP: 47/47 MP: 3/3
   121 | D        | Found a hide-covered altar of Uskayaw.
   121 | D        | Found an iron altar of Okawaru.
   121 | D        | Found a bloodstained altar of Trog.
   121 | D        | Found an ornate altar of the Wu Jian Council.
   121 | D        | Noticed a human
   122 | D        | Noticed a human
   129 | D        | HP: 2/47 [human/+0 mace (10)]
   129 | D        | Slain by a human

Illustrated notes

Levels and vault maps discovered:
D:        dungeon_sprint_mu [sprint_mu_entry_cave, sprint_mu_temple_rooms,
          sprint_mu_d1_horrors, sprint_mu_d2_genie, sprint_mu_d3_branching,
          sprint_mu_orc_legion, sprint_mu_elf_gauntlet, sprint_mu_hive_nellie,
          sprint_mu_lair_fedhas, sprint_mu_vaults_butterflies,
          sprint_mu_slime_circle, sprint_mu_swamp_cave, sprint_mu_snake_twists,
          sprint_mu_blade_basic, sprint_mu_crypt_chambers,
          sprint_mu_tomb_spiral, sprint_mu_vestibule_basic,
          sprint_mu_gehenna_hellfire, sprint_mu_dis_giant,
          sprint_mu_tartarus_statrot, sprint_mu_cocytus_islands, sprint_mu_zot1]

Skill      XL: |  1  2  3 |
---------------+----------+-----
Fighting       | 5 7 |  7.0
Armour         | 5 7 |  7.0
Shields        | 4 5 6 |  6.5
Polearms       | 3 4 |  4.9

Action                     |  1- 3 |  4- 6 || total
---------------------------+-------+-------++-------
  Melee: Trident           |    23 |     7 ||    30
         Headbutt          |     6 |       ||     6
    Use: Potion            |       |     1 ||     1
 Armour: Scale mail        |     4 |     9 ||    13
  Dodge: Dodged            |     8 |     4 ||    12
  Block: Buckler           |     1 |     5 ||     6

Table legend: (Time is in decaauts)
 A = Elapsed time spent in this place.
 B = Non-inter-level travel time spent in this place.
 C = Inter-level travel time spent in this place.
 D = Time resting spent in this place.
 E = Time spent auto-exploring this place.
 F = Levels seen in this place.
 G = Mean time per level.
                   A        B        C        D        E       F      G
               +--------+--------+--------+--------+--------+-----+--------+
         Total |    133 |    128 |      5 |      2 |      5 |   1 |  133.0 |
       Dungeon |    133 |    128 |      5 |      2 |      5 |   1 |  133.0 |
               +--------+--------+--------+--------+--------+-----+--------+

Top non-repeatable levels by time:
       D: 133 daAuts
